 Dungeon Crawl Stone Soup version 0.17.0-57-g0e89251 (console) character file.

127 Kloppie the Skirmisher (level 5, -9/44 HPs)
             Began as a Formicid Fighter on Dec 8, 2015.
             Mangled by Pikel
             ... wielding a +1 whip of electrocution
              (13 damage)
             ... on level 4 of the Dungeon.
             The game lasted 00:03:26 (1511 turns).

Kloppie the Skirmisher (Formicid Fighter)           Turns: 1511, Time: 00:03:26

Health: -9/44      AC: 10    Str: 20    XL:     5   Next: 33%
Magic:  5/5        EV:  5    Int:  8    God:
Gold:   56         SH:  9    Dex: 11    Spells: 0 memorised, 4 levels left

rFire  + . .     SeeInvis +     a - +0 war axe
rCold  . . .     Clarity  .     r - +1 chain mail {rF+}
rNeg   . . .     SustAt   .     c - +0 shield
rPois  .         Gourm    .     (helmet unavailable)
rElec  .         Spirit   .     (no cloak)
rCorr  .         Warding  .     (no gloves)
rMut   .         Stasis   +     (no boots)
MR     .....                    (no amulet)
Stlth  ..........               (no ring)
                                (no ring)

@: lethally poisoned (-9 -> -12), not resistant to hostile enchantments,
extremely unstealthy
A: permanent stasis, dig shafts and tunnels, four strong arms, antennae 3
a: Dig, Shaft Self


You were on level 4 of the Dungeon.
You were not hungry.

You visited 1 branch of the dungeon, and saw 4 of its levels.

You collected 56 gold pieces.

Inventory:

Hand Weapons
 a - a +0 war axe (weapon)
Armour
 c - a +0 shield (worn)
 r - a +1 chain mail of fire resistance (worn)
Jewellery
 n - an uncursed ring of poison resistance {unknown}
Scrolls
 f - 2 scrolls of remove curse {unknown}
 h - 2 scrolls of identify {unknown}
 j - a scroll of enchant weapon {unknown}
 k - a scroll of enchant armour {unknown}
 o - a scroll of random uselessness {unknown}
 q - a scroll of recharging {unknown}
Potions
 b - a potion of lignification {unknown}
 d - a potion of might
 i - 2 potions of curing
 l - a potion of cancellation {unknown}
 m - a potion of magic {unknown}
 p - a potion of poison {unknown}
 t - 2 potions of ambrosia {unknown}
 u - a potion of invisibility {unknown}
Comestibles
 e - a bread ration
 g - 5 fruits
 s - a meat ration


   Skills:
 + Level 5.1 Fighting
 + Level 3.6 Axes
 - Level 3.2 Armour
 - Level 3.6 Shields


You had 4 spell levels left.
You didn't know any spells.

Dungeon Overview and Level Annotations

Branches:
Dungeon (4/15)
 Temple: D:4-7

Altars:
Ru
Yredelemnul
The Shining One

Annotations:
D:4 Pikel


Innate Abilities, Weirdness & Mutations

You are under a permanent stasis effect.
You can dig through walls and to a lower floor.
Your four strong arms can wield two-handed weapons with a shield.
You have a pair of large antennae on your head (SInv).


Message History

You feel sick.
You slash the hound skeleton!
You destroy the hound skeleton!
You feel sick.
You closely miss the slave.
You feel sick. You block the slave's attack. The slave barely misses you.
You hit the slave.
The slave is lightly wounded.
The slave completely misses you.
Your shield and chain mail prevent you from hitting the slave.
The slave is lightly wounded.
You feel sick. The slave hits you.
* * * LOW HITPOINT WARNING * * *
Your shield and chain mail prevent you from hitting Pikel.
* * * LOW HITPOINT WARNING * * *
You feel sick. Pikel hits you but does no damage.
Your shield and chain mail prevent you from hitting Pikel.
* * * LOW HITPOINT WARNING * * *
You feel sick. Pikel hits you but does no damage.
You are electrocuted!
You die...

###########
#.....(....
#..........
#..........
#..........
#{.....p..>
###p#####
###+###.K)/...#
.......@p.....#
.................
.................
.................
.....#####+#####.
..... ###+


You could see Pikel and 2 slaves.

Vanquished Creatures
  Ijyb (D:2)
  An orc wizard (D:3)
  A hound skeleton (D:4)
  2 adders (D:2)
  A giant gecko (D:3)
  5 goblins
  7 hobgoblins
  A quokka (D:3)
  8 bats
  3 giant cockroaches
  2 giant newts
  7 kobolds
  4 rats
43 creatures vanquished.

Notes
Turn   | Place    | Note
--------------------------------------------------------------
     0 | D:1      | Kloppie the Formicid Fighter began the quest for the Orb.
     0 | D:1      | Reached XP level 1. HP: 18/18 MP: 1/1
   193 | D:1      | Reached XP level 2. HP: 24/24 MP: 2/2
   606 | D:2      | Reached XP level 3. HP: 28/30 MP: 3/3
   607 | D:2      | Reached skill level 4 in Fighting
   721 | D:2      | Found a basalt altar of Yredelemnul.
   760 | D:2      | Found a glowing golden altar of the Shining One.
   789 | D:2      | Noticed an angel
   865 | D:2      | Became a worshipper of the Shining One
   894 | D:2      | Noticed Ijyb
   905 | D:2      | Killed Ijyb
   905 | D:2      | Reached XP level 4. HP: 33/38 MP: 4/4
  1466 | D:3      | Found a sacrificial altar of Ru.
  1486 | D:3      | Was placed under penance by the Shining One
  1489 | D:3      | Reached skill level 5 in Fighting
  1489 | D:3      | Reached XP level 5. HP: 32/44 MP: 5/5
  1496 | D:4      | Noticed a slave
  1496 | D:4      | Noticed a slave
  1499 | D:4      | Noticed a slave
  1499 | D:4      | Fell from the grace of the Shining One
  1500 | D:4      | Noticed a slave
  1500 | D:4      | Noticed Pikel
  1511 | D:4      | Mangled by Pikel

Action                   |  1- 3 |  4- 6 || total
-------------------------+-------+-------++-------
Melee: War axe           |    68 |    82 ||   150
  Use: Potion            |       |     1 ||     1
  Eat: Chunk             |       |     2 ||     2
